Thunderbirds vs Moose
Created - January 17, 2023 at 20:19
Goals
|
Thunderbirds |
3 |
2 |
1 |
6 |
Moose |
2 |
1 |
0 |
3 |
|
Shots
|
Thunderbirds |
13 |
12 |
11 |
36 |
Moose |
12 |
17 |
9 |
38 |
|
1st period
1. Moose , Roman Josi 2 (Vinni Lettieri 1, Chase De Leo 12) at 9:28
2. Moose , Dylan Strome 14 (Nathan Walker 15, Lane MacDermid 4) at 11:42
3. Thunderbirds , Patrick Brown 8 (Radim Simek 7, Petr Straka 12) at 15:48
4. Thunderbirds , Drake Batherson 18 (Kirill Kaprizov 27, Filip Hronek 8) at 16:02
5. Thunderbirds , Jerry D'Amigo 10 (Morgan Geekie 5, Timothy Liljegren 11) at 16:57
Penalties :
No Penalty
2nd period
6. Thunderbirds , Petr Straka 16 (Dominik Kahun 8, Filip Hronek 9) at 0:28
7. Thunderbirds , Drake Batherson 19 (Kirill Kaprizov 28, Elias Lindholm 7) at 0:48
8. Moose , Julien Gauthier 7 (Mirco Mueller 10, Nathan Walker 16) at 6:08
Penalties :
Filip Hronek (Spr) for Tripping (Minor) at 16:03
3rd period
9. Thunderbirds , Petr Straka 17 (Dominik Kahun 9, Griffin Reinhart 12) at 5:59
Penalties :
Nathan Walker (Man) for Holding (Minor) at 0:37, Kirill Kaprizov (Spr) for Roughing (Double Minor) at 0:43, Roman Josi (Man) for Interference (Minor) at 8:55, Erik Cernak (Man) for Holding (Minor) at 15:56
Goalie Stats
Phoenix Copley (Spr), 35 saves from 38 shots - (0.921), W, 1-1-0, 60:00 minutes
Brandon Halverson (Man), 13 saves from 17 shots - (0.765), L, 8-10-1, 20:28 minutes
Filip Gustavsson (Man), 17 saves from 19 shots - (0.895), 39:32 minutes
Players Stats for Thunderbirds
Player Name G A P +/- PIM S H SB GA TA FO MP PP MP PK MP
------------------------------------------------------------------------------------
Dominik Kahun 0 2 2 2 0 0 0 0 0 0 0/0 16:17 1:41 0:51
Drake Batherson 2 0 2 2 0 5 2 0 0 0 0/0 18:44 2:17 0:00
Dylan Gambrell 0 0 0 0 0 2 2 0 0 0 5/7 12:28 0:00 0:00
Elias Lindholm 0 1 1 2 0 3 0 0 1 0 14/39 21:07 2:17 1:34
Filip Hronek 0 2 2 3 2 3 0 1 0 1 0/0 25:19 1:32 0:40
Griffin Reinhart 0 1 1 3 0 2 2 2 0 1 0/0 26:16 2:20 1:37
Jacob Larsson 0 0 0 0 0 2 2 1 1 0 0/0 14:55 0:12 2:02
Jerry D'Amigo 1 0 1 -1 0 2 1 1 0 0 1/1 10:12 0:06 1:32
Kale Clague 0 0 0 0 0 0 0 0 0 1 0/0 15:35 1:32 0:51
Kirill Kaprizov 0 2 2 2 4 1 3 0 0 0 0/0 18:34 2:19 0:00
Morgan Geekie 0 1 1 -1 0 0 0 0 0 0 0/0 9:47 0:09 1:08
Patrick Brown 1 0 1 2 0 1 0 2 0 0 5/11 15:39 1:41 0:45
Petr Straka 2 1 3 2 0 6 2 0 0 1 0/0 15:42 1:41 0:00
Radim Simek 0 1 1 0 0 0 1 1 0 0 0/0 18:14 0:00 1:37
Shane Prince 0 0 0 0 0 4 4 2 0 1 0/0 12:56 0:00 0:28
Tanner Laczynski 0 0 0 0 0 4 0 1 4 0 0/0 12:28 0:00 0:00
Timothy Liljegren 0 1 1 0 0 1 0 2 0 0 0/0 19:40 2:32 1:23
Tyson Jost 0 0 0 -1 0 0 1 0 0 0 0/0 10:07 0:00 1:52
Players Stats for Moose
Player Name G A P +/- PIM S H SB GA TA FO MP PP MP PK MP
------------------------------------------------------------------------------------
Boris Katchouk 0 0 0 1 0 2 0 0 0 0 0/0 9:02 0:00 0:00
Chase De Leo 0 1 1 0 0 3 1 0 0 0 1/4 11:07 0:52 0:00
Dylan Strome 1 0 1 -2 0 4 0 1 0 0 16/26 22:01 2:58 0:00
Erik Cernak 0 0 0 -3 2 0 2 2 1 0 0/0 22:16 0:57 0:53
Jake Leschyshyn 0 0 0 1 0 1 3 0 0 0 2/5 12:51 0:00 1:04
Jordan Greenway 0 0 0 0 0 2 2 1 0 0 1/1 18:01 2:41 0:51
Julien Gauthier 1 0 1 1 0 2 0 1 0 0 0/0 12:15 0:00 1:03
Juuso Valimaki 0 0 0 -1 0 0 1 0 0 0 0/0 14:09 0:00 1:36
Lane MacDermid 0 1 1 -2 0 4 0 1 0 0 0/0 8:10 0:00 0:00
Ludwig Bystrom 0 0 0 1 0 3 2 2 0 2 0/0 25:05 3:08 2:28
Mathieu Joseph 0 0 0 -2 0 1 1 0 0 0 0/1 13:53 0:52 0:50
Matthew Benning 0 0 0 -1 0 1 0 1 0 0 0/0 14:05 0:57 0:00
Michael McLeod 0 0 0 -2 0 4 0 1 0 0 11/19 20:23 0:47 2:11
Mirco Mueller 0 1 1 0 0 1 2 3 0 2 0/0 25:36 0:00 2:28
Nathan Walker 0 2 2 -2 2 5 0 0 2 0 2/2 21:36 2:58 2:09
Nikolay Goldobin 0 0 0 -2 0 2 1 0 1 0 0/0 13:13 0:52 0:00
Roman Josi 1 0 1 -2 2 3 1 0 1 1 0/0 19:39 3:08 0:43
Vinni Lettieri 0 1 1 0 0 0 0 1 0 1 0/0 10:38 0:15 0:00
3 Stars
1 - Petr Straka (Spr)
2 - Drake Batherson (Spr)
3 - Patrick Brown (Spr)
Power Play
Thunderbirds - 0 on 3 Attempt(s) - 0.00%
Moose - 0 on 3 Attempt(s) - 0.00%
Penalty Kill
Thunderbirds - 3 on 3 Attempt(s) - 100.00%
- Score 0 goal in Penalty Kill
Moose - 3 on 3 Attempt(s) - 100.00%
- Score 0 goal in Penalty Kill
Team Stat
Thunderbirds - Hits : 20 - Faceoff Wins : 25 - Blocked Shots : 13 - Penalty Minutes : 6
Moose - Hits : 16 - Faceoff Wins : 33 - Blocked Shots : 14 - Penalty Minutes : 6
Official
Referees : Gord Dwyer and Brian Pochmara
Linesman : Jonny Murray and Kyle Flemington
Game Notes
Filip Gustavsson enters game at 0:28 of 2nd period
Lane MacDermid is injured at 3:20 of 2nd period (Bruised Right Shoulder)
Finance
Level 1 -- Attendance: 1975 (98.75%) -- Ticket Income $69,125
Level 2 -- Attendance: 1000 (100.00%) -- Ticket Income $15,000
Total Attendance: 2975 (99.17%)
Total Ticket Income: $84,125
Other Income: $4,206
Total Income: $88,331
Thunderbirds
5 vs 5 Forward
Center Left Wing Right Wing Time % Phy DF OF
1 Elias Lindholm Kirill Kaprizov Drake Batherson 40 0 2 3
2 Patrick Brown Dominik Kahun Petr Straka 30 0 2 3
3 Dylan Gambrell Shane Prince Tanner Laczynski 20 0 2 3
4 Morgan Geekie Tyson Jost Jerry D'Amigo 10 0 2 3
5 vs 5 Defense
Defense Defense Time % Phy DF OF
1 Griffin Reinhart Filip Hronek 40 0 2 3
2 Radim Simek Timothy Liljegren 30 0 2 3
3 Kale Clague Jacob Larsson 20 0 2 3
4 Griffin Reinhart Filip Hronek 10 0 2 3
PowerPlay Forward
Center Left Wing Right Wing Time % Phy DF OF
1 Elias Lindholm Kirill Kaprizov Drake Batherson 60 0 1 4
2 Patrick Brown Dominik Kahun Petr Straka 40 0 1 4
PowerPlay Defense
Defense Defense Time % Phy DF OF
1 Griffin Reinhart Timothy Liljegren 60 0 2 3
2 Filip Hronek Kale Clague 40 0 2 3
Penalty Kill 4 Players Forward
Center Wing Time % Phy DF OF
1 Elias Lindholm Tyson Jost 60 1 3 1
2 Patrick Brown Jerry D'Amigo 40 1 3 1
Penalty Kill 4 Players Defense
Defense Defense Time % Phy DF OF
1 Jacob Larsson Radim Simek 60 1 4 0
2 Filip Hronek Griffin Reinhart 40 1 4 0
Penalty Kill - 3 Players Forward
Forward Time % Phy DF OF
1 Tyson Jost 60 1 3 1
2 Jerry D'Amigo 40 1 3 1
Penalty Kill - 3 Players Defense
Defense Defense Time % Phy DF OF
1 Jacob Larsson Radim Simek 60 1 4 0
2 Filip Hronek Griffin Reinhart 40 1 4 0
4 vs 4 Forward
Center Wing Time % Phy DF OF
1 Elias Lindholm Kirill Kaprizov 60 0 2 3
2 Patrick Brown Drake Batherson 40 0 2 3
4 vs 4 Defense
Defense Defense Time % Phy DF OF
1 Griffin Reinhart Filip Hronek 60 0 2 3
2 Radim Simek Timothy Liljegren 40 0 2 3
Last Minutes Offensive
Center Left Wing Right Wing Defense Defense
Elias Lindholm Kirill Kaprizov Drake Batherson Griffin Reinhart Timothy Liljegren
Last Minutes Defensive
Center Left Wing Right Wing Defense Defense
Elias Lindholm Tyson Jost Petr Straka Radim Simek Filip Hronek
Goaltenders
Starting : Phoenix Copley
Backup : Carter Hutton
Extra Forwards
Normal : Petr Straka, Drake Batherson, Kirill Kaprizov - PP : Morgan Geekie, Kirill Kaprizov - PK : Jerry D'Amigo
Extra Defensemen
Normal : Timothy Liljegren, Filip Hronek, Radim Simek - PP : Timothy Liljegren - PK : Filip Hronek, Timothy Liljegren
Penalty Shots
Drake Batherson, Tanner Laczynski, Petr Straka, Patrick Brown, Kirill Kaprizov
Scratches
Morgan Frost (Healthy), Austin Poganski (Healthy), Adam Ruzicka (Healthy), Charles Hudon (Healthy), Jake Walman (Healthy)
Matt Puempel (Healthy), Mitchell Heard (Healthy), Nicklas Jensen (Healthy), Grant Hutton (Healthy), Roberts Lipsbergs (Healthy)
Viktor Baldayev (Healthy), Calvin Thurkauf (Healthy), Artur Kayumov (Healthy), Artyom Zagidulin (Healthy)
Moose
5 vs 5 Forward
Center Left Wing Right Wing Time % Phy DF OF
1 Dylan Strome Lane MacDermid Nathan Walker 40 1 2 2
2 Michael McLeod Nikolay Goldobin Mathieu Joseph 30 1 2 2
3 Chase De Leo Jordan Greenway Vinni Lettieri 20 1 2 2
4 Jake Leschyshyn Boris Katchouk Julien Gauthier 10 1 2 2
5 vs 5 Defense
Defense Defense Time % Phy DF OF
1 Mirco Mueller Ludwig Bystrom 40 1 2 2
2 Erik Cernak Roman Josi 30 1 2 2
3 Matthew Benning Juuso Valimaki 20 1 2 2
4 Erik Cernak Mirco Mueller 10 1 2 2
PowerPlay Forward
Center Left Wing Right Wing Time % Phy DF OF
1 Dylan Strome Nikolay Goldobin Mathieu Joseph 60 1 2 2
2 Chase De Leo Lane MacDermid Nathan Walker 40 1 2 2
PowerPlay Defense
Defense Defense Time % Phy DF OF
1 Roman Josi Ludwig Bystrom 60 1 2 2
2 Matthew Benning Erik Cernak 40 1 2 2
Penalty Kill 4 Players Forward
Center Wing Time % Phy DF OF
1 Michael McLeod Nathan Walker 60 1 2 2
2 Jake Leschyshyn Mathieu Joseph 40 1 2 2
Penalty Kill 4 Players Defense
Defense Defense Time % Phy DF OF
1 Mirco Mueller Ludwig Bystrom 60 1 2 2
2 Roman Josi Erik Cernak 40 1 2 2
Penalty Kill - 3 Players Forward
Forward Time % Phy DF OF
1 Dylan Strome 60 1 2 2
2 Nathan Walker 40 1 2 2
Penalty Kill - 3 Players Defense
Defense Defense Time % Phy DF OF
1 Matthew Benning Ludwig Bystrom 60 1 2 2
2 Roman Josi Erik Cernak 40 1 2 2
4 vs 4 Forward
Center Wing Time % Phy DF OF
1 Michael McLeod Nathan Walker 60 1 2 2
2 Dylan Strome Mathieu Joseph 40 1 2 2
4 vs 4 Defense
Defense Defense Time % Phy DF OF
1 Roman Josi Ludwig Bystrom 60 1 2 2
2 Matthew Benning Erik Cernak 40 1 2 2
Last Minutes Offensive
Center Left Wing Right Wing Defense Defense
Dylan Strome Nikolay Goldobin Mathieu Joseph Roman Josi Ludwig Bystrom
Last Minutes Defensive
Center Left Wing Right Wing Defense Defense
Dylan Strome Jordan Greenway Nathan Walker Erik Cernak Ludwig Bystrom
Goaltenders
Starting : Brandon Halverson
Backup : Filip Gustavsson
Extra Forwards
Normal : Michael McLeod, Dylan Strome, Julien Gauthier - PP : Michael McLeod, Lane MacDermid - PK : Julien Gauthier
Extra Defensemen
Normal : Matthew Benning, Mirco Mueller, Roman Josi - PP : Matthew Benning - PK : Mirco Mueller, Roman Josi
Penalty Shots
Dylan Strome, Nathan Walker, Michael McLeod, Mathieu Joseph, Chase De Leo
Scratches
Anders Bjork (Healthy), Urho Vaakanainen (Healthy), Mitchell Stephens (Healthy), Nelson Nogier (Healthy), Nick Merkley (Healthy)
Jonathan Kovacevic (Healthy), Josh Mahura (Healthy), Max Jones (Healthy), Nathan Bastian (Healthy), William Bitten (Healthy)
Kieffer Bellows (Healthy), Tim Gettinger (Healthy), Joey Daccord (Healthy), Karel Vejmelka (Healthy), Daniel Vladar (Healthy)
% Time on Ice - Thunderbirds
Lines # - Real PCT - Wanted PCT - Time Play
Normal Forward
1 - 32% - 40% - 16:02
2 - 26% - 30% - 13:13
3 - 25% - 20% - 12:28
4 - 17% - 10% - 8:15
Normal Defense
1 - 36% - 40% - 18:08
2 - 32% - 30% - 16:06
3 - 26% - 20% - 12:51
4 - 6% - 10% - 2:53
PP Forward
1 - 59% - 60% - 2:23
2 - 41% - 40% - 1:41
PP Defense
1 - 62% - 60% - 2:32
2 - 38% - 40% - 1:32
PK Forward
1 - 82% - 60% - 3:20
2 - 18% - 40% - 0:45
PK Defense
1 - 71% - 60% - 2:53
2 - 29% - 40% - 1:12
PK3 Forward
1 - 0% - 60%
2 - 0% - 40%
PK3 Defense
1 - 0% - 60%
2 - 0% - 40%
44 Forward
1 - 100% - 60% - 1:53
2 - 0% - 40% - 0:00
44 Defense
1 - 72% - 60% - 1:21
2 - 28% - 40% - 0:32
Last Minute Offensive - 0:00
Last Minute Defensive - 0:00
Total
Forward - 60:00
Defense - 60:00
|
% Time on Ice - Moose
Lines # - Real PCT - Wanted PCT - Time Play
Normal Forward
1 - 38% - 40% - 19:05
2 - 24% - 30% - 12:03
3 - 20% - 20% - 10:08
4 - 17% - 10% - 8:42
Normal Defense
1 - 36% - 40% - 18:02
2 - 29% - 30% - 14:26
3 - 24% - 20% - 12:11
4 - 11% - 10% - 5:19
PP Forward
1 - 73% - 60% - 2:58
2 - 27% - 40% - 1:07
PP Defense
1 - 77% - 60% - 3:08
2 - 23% - 40% - 0:57
PK Forward
1 - 80% - 60% - 3:14
2 - 20% - 40% - 0:50
PK Defense
1 - 61% - 60% - 2:28
2 - 39% - 40% - 1:36
PK3 Forward
1 - 0% - 60%
2 - 0% - 40%
PK3 Defense
1 - 0% - 60%
2 - 0% - 40%
44 Forward
1 - 100% - 60% - 1:53
2 - 0% - 40% - 0:00
44 Defense
1 - 68% - 60% - 1:17
2 - 32% - 40% - 0:36
Last Minute Offensive - 0:00
Last Minute Defensive - 0:00
Total
Forward - 60:00
Defense - 60:00
|
Play-by-Play
1st period
0:01 of 1st period - Dylan Strome wins face-off versus Elias Lindholm in neutral zone.
0:22 of 1st period - Icing by Mirco Mueller.
0:23 of 1st period - Dylan Strome wins face-off versus Patrick Brown in Moose zone.
0:50 of 1st period - Roman Josi is hit by Dylan Gambrell.
0:56 of 1st period - Slapshot by Roman Josi.
0:56 of 1st period - Shot Blocked by Shane Prince.
1:22 of 1st period - Icing by Jacob Larsson.
1:23 of 1st period - Dylan Strome wins face-off versus Elias Lindholm in Thunderbirds zone.
1:28 of 1st period - Slapshot by Dylan Strome.
1:28 of 1st period - Shot Blocked by Jacob Larsson.
1:48 of 1st period - Slapshot by Kirill Kaprizov.
1:48 of 1st period - Shot Misses the Net.
1:50 of 1st period - Snap shot by Jacob Larsson.
1:50 of 1st period - Stopped by Brandon Halverson with a rebound.
1:52 of 1st period - Slapshot by Jacob Larsson.
1:52 of 1st period - Deflect By Lane MacDermid.
1:52 of 1st period - Stopped by Brandon Halverson without a rebound.
1:53 of 1st period - Jerry D'Amigo wins face-off versus Michael McLeod in Moose zone.
2:27 of 1st period - Snap shot by Petr Straka.
2:27 of 1st period - Shot Misses the Net.
2:29 of 1st period - Wrist shot by Griffin Reinhart.
2:29 of 1st period - Stopped by Brandon Halverson with a rebound.
2:31 of 1st period - Slapshot by Filip Hronek.
2:31 of 1st period - Stopped by Brandon Halverson with a rebound.
3:29 of 1st period - Mirco Mueller is hit by Petr Straka and loses puck.
3:36 of 1st period - Snap shot by Ludwig Bystrom.
3:36 of 1st period - Shot Misses the Net.
3:57 of 1st period - Icing by Roman Josi.
3:58 of 1st period - Jake Leschyshyn wins face-off versus Patrick Brown in Moose zone.
4:03 of 1st period - Dominik Kahun is hit by Erik Cernak and loses puck.
4:14 of 1st period - Snap shot by Roman Josi.
4:14 of 1st period - Shot Blocked by Griffin Reinhart.
4:16 of 1st period - Snap shot by Boris Katchouk.
4:16 of 1st period - Shot Blocked by Patrick Brown.
4:28 of 1st period - Snap shot by Petr Straka.
4:28 of 1st period - Shot Blocked by Erik Cernak.
4:44 of 1st period - Snap shot by Julien Gauthier.
4:44 of 1st period - Shot Misses the Net.
4:54 of 1st period - Snap shot by Julien Gauthier.
4:54 of 1st period - Deflect By Boris Katchouk.
4:54 of 1st period - Stopped by Phoenix Copley with a rebound.
5:02 of 1st period - Wrist shot by Roman Josi.
5:02 of 1st period - Shot Misses the Net.
5:04 of 1st period - Slapshot by Roman Josi.
5:04 of 1st period - Deflect By Julien Gauthier.
5:04 of 1st period - Shot Misses the Net.
5:04 of 1st period - Puck is out of play.
5:05 of 1st period - Elias Lindholm wins face-off versus Dylan Strome in Thunderbirds zone.
5:57 of 1st period - Snap shot by Jerry D'Amigo.
5:57 of 1st period - Shot Blocked by Matthew Benning.
5:59 of 1st period - Snap shot by Jerry D'Amigo.
5:59 of 1st period - Shot Misses the Net.
6:35 of 1st period - Mirco Mueller is hit by Shane Prince and loses puck.
7:16 of 1st period - Slapshot by Roman Josi.
7:16 of 1st period - Stopped by Phoenix Copley without a rebound.
7:17 of 1st period - Elias Lindholm wins face-off versus Jake Leschyshyn in Thunderbirds zone.
7:21 of 1st period - Off-side.
7:22 of 1st period - Elias Lindholm wins face-off versus Jake Leschyshyn in neutral zone.
7:25 of 1st period - Wrist shot by Drake Batherson.
7:25 of 1st period - Shot Blocked by Ludwig Bystrom.
7:29 of 1st period - Wrist shot by Elias Lindholm.
7:29 of 1st period - Deflect By Ludwig Bystrom.
7:29 of 1st period - Stopped by Brandon Halverson without a rebound.
7:30 of 1st period - Dylan Strome wins face-off versus Elias Lindholm in Moose zone.
7:30 of 1st period - Dylan Strome is hit by Kirill Kaprizov.
8:13 of 1st period - Icing by Ludwig Bystrom.
8:14 of 1st period - Dylan Gambrell wins face-off versus Chase De Leo in Moose zone.
8:25 of 1st period - Snap shot by Tanner Laczynski.
8:25 of 1st period - Shot Misses the Net.
8:27 of 1st period - Slapshot by Tanner Laczynski.
8:27 of 1st period - Stopped by Brandon Halverson with a rebound.
8:29 of 1st period - Snap shot by Filip Hronek.
8:29 of 1st period - Deflect By Jordan Greenway.
8:29 of 1st period - Stopped by Brandon Halverson without a rebound.
8:30 of 1st period - Dylan Strome wins face-off versus Elias Lindholm in Moose zone.
9:22 of 1st period - Snap shot by Chase De Leo.
9:22 of 1st period - Stopped by Phoenix Copley with a rebound.
9:24 of 1st period - Snap shot by Vinni Lettieri.
9:24 of 1st period - Shot Blocked by Timothy Liljegren.
9:26 of 1st period - Wrist shot by Vinni Lettieri.
9:26 of 1st period - Shot Blocked by Jerry D'Amigo.
9:28 of 1st period - Slapshot by Roman Josi.
9:28 of 1st period - Goal by Roman Josi - Thunderbirds : 0 - Moose : 1.
9:29 of 1st period - Dylan Strome wins face-off versus Elias Lindholm in neutral zone.
9:54 of 1st period - Shane Prince is hit by Nikolay Goldobin.
10:02 of 1st period - Backhand shot by Nikolay Goldobin.
10:02 of 1st period - Shot Misses the Net.
10:14 of 1st period - Snap shot by Patrick Brown.
10:14 of 1st period - Shot Misses the Net.
10:36 of 1st period - Slapshot by Chase De Leo.
10:36 of 1st period - Stopped by Phoenix Copley with a rebound.
11:04 of 1st period - Wrist shot by Julien Gauthier.
11:04 of 1st period - Stopped by Phoenix Copley with a rebound.
11:18 of 1st period - Erik Cernak is hit by Radim Simek and loses puck.
11:28 of 1st period - Off-side.
11:29 of 1st period - Dylan Strome wins face-off versus Patrick Brown in neutral zone.
11:38 of 1st period - Backhand shot by Nathan Walker.
11:38 of 1st period - Stopped by Phoenix Copley with a rebound.
11:40 of 1st period - Snap shot by Dylan Strome.
11:40 of 1st period - Stopped by Phoenix Copley with a rebound.
11:42 of 1st period - Slapshot by Dylan Strome.
11:42 of 1st period - Goal by Dylan Strome - Thunderbirds : 0 - Moose : 2.
11:43 of 1st period - Elias Lindholm wins face-off versus Dylan Strome in neutral zone.
12:28 of 1st period - Off-side.
12:29 of 1st period - Jordan Greenway wins face-off versus Dylan Gambrell in neutral zone.
13:40 of 1st period - Wrist shot by Morgan Geekie.
13:40 of 1st period - Shot Blocked by Mirco Mueller.
14:22 of 1st period - Slapshot by Roman Josi.
14:22 of 1st period - Stopped by Phoenix Copley with a rebound.
14:32 of 1st period - Wrist shot by Dylan Gambrell.
14:32 of 1st period - Stopped by Brandon Halverson with a rebound.
14:38 of 1st period - Slapshot by Tanner Laczynski.
14:38 of 1st period - Shot Misses the Net.
14:48 of 1st period - Backhand shot by Chase De Leo.
14:48 of 1st period - Shot Misses the Net.
14:52 of 1st period - Snap shot by Chase De Leo.
14:52 of 1st period - Shot Misses the Net.
15:04 of 1st period - Snap shot by Drake Batherson.
15:04 of 1st period - Shot Misses the Net.
15:46 of 1st period - Snap shot by Patrick Brown.
15:46 of 1st period - Shot Misses the Net.
15:48 of 1st period - Slapshot by Radim Simek.
15:48 of 1st period - Deflect By Patrick Brown.
15:48 of 1st period - Goal by Patrick Brown - Thunderbirds : 1 - Moose : 2.
15:49 of 1st period - Elias Lindholm wins face-off versus Dylan Strome in neutral zone.
16:02 of 1st period - Snap shot by Drake Batherson.
16:02 of 1st period - Goal by Drake Batherson - Thunderbirds : 2 - Moose : 2.
16:03 of 1st period - Dylan Strome wins face-off versus Elias Lindholm in neutral zone.
16:06 of 1st period - Slapshot by Lane MacDermid.
16:06 of 1st period - Stopped by Phoenix Copley with a rebound.
16:18 of 1st period - Backhand shot by Kirill Kaprizov.
16:18 of 1st period - Shot Misses the Net.
16:57 of 1st period - Snap shot by Jerry D'Amigo.
16:57 of 1st period - Goal by Jerry D'Amigo - Thunderbirds : 3 - Moose : 2.
16:58 of 1st period - Michael McLeod wins face-off versus Elias Lindholm in neutral zone.
17:46 of 1st period - Off-side.
17:47 of 1st period - Elias Lindholm wins face-off versus Jake Leschyshyn in neutral zone.
18:02 of 1st period - Snap shot by Drake Batherson.
18:02 of 1st period - Shot Misses the Net.
18:09 of 1st period - Icing by Roman Josi.
18:10 of 1st period - Patrick Brown wins face-off versus Dylan Strome in Moose zone.
18:35 of 1st period - Mirco Mueller is hit by Kirill Kaprizov and loses puck.
18:57 of 1st period - Wrist shot by Tanner Laczynski.
18:57 of 1st period - Stopped by Brandon Halverson with a rebound.
18:59 of 1st period - Slapshot by Timothy Liljegren.
18:59 of 1st period - Stopped by Brandon Halverson without a rebound.
19:00 of 1st period - Dylan Gambrell wins face-off versus Chase De Leo in Moose zone.
19:17 of 1st period - Snap shot by Chase De Leo.
19:17 of 1st period - Stopped by Phoenix Copley with a rebound.
19:49 of 1st period - Snap shot by Shane Prince.
19:49 of 1st period - Shot Blocked by Jordan Greenway.
19:51 of 1st period - Snap shot by Tanner Laczynski.
19:51 of 1st period - Shot Blocked by Ludwig Bystrom.
Goals for this period are 3 for Thunderbirds vs 2 for Moose.
Shots for this period are 13 for Thunderbirds vs 12 for Moose.
2nd period
0:01 of 2nd period - Elias Lindholm wins face-off versus Dylan Strome in neutral zone.
0:12 of 2nd period - Wrist shot by Kirill Kaprizov.
0:12 of 2nd period - Shot Misses the Net.
0:14 of 2nd period - Snap shot by Elias Lindholm.
0:14 of 2nd period - Stopped by Brandon Halverson with a rebound.
0:16 of 2nd period - Slapshot by Filip Hronek.
0:16 of 2nd period - Stopped by Brandon Halverson without a rebound.
0:17 of 2nd period - Patrick Brown wins face-off versus Michael McLeod in Moose zone.
0:26 of 2nd period - Snap shot by Petr Straka.
0:26 of 2nd period - Stopped by Brandon Halverson with a rebound.
0:28 of 2nd period - Wrist shot by Petr Straka.
0:28 of 2nd period - Goal by Petr Straka - Thunderbirds : 4 - Moose : 2.
0:28 of 2nd period - Filip Gustavsson enters game.
0:29 of 2nd period - Nathan Walker wins face-off versus Elias Lindholm in neutral zone.
0:32 of 2nd period - Snap shot by Nathan Walker.
0:32 of 2nd period - Stopped by Phoenix Copley without a rebound.
0:33 of 2nd period - Dylan Strome wins face-off versus Elias Lindholm in Thunderbirds zone.
0:34 of 2nd period - Wrist shot by Nathan Walker.
0:34 of 2nd period - Shot Misses the Net.
0:46 of 2nd period - Snap shot by Kirill Kaprizov.
0:46 of 2nd period - Shot Blocked by Dylan Strome.
0:48 of 2nd period - Snap shot by Drake Batherson.
0:48 of 2nd period - Goal by Drake Batherson - Thunderbirds : 5 - Moose : 2.
0:49 of 2nd period - Michael McLeod wins face-off versus Elias Lindholm in neutral zone.
1:08 of 2nd period - Nikolay Goldobin is hit by Drake Batherson and loses puck.
1:19 of 2nd period - Snap shot by Lane MacDermid.
1:19 of 2nd period - Stopped by Phoenix Copley with a rebound.
1:21 of 2nd period - Slapshot by Lane MacDermid.
1:21 of 2nd period - Stopped by Phoenix Copley with a rebound.
1:23 of 2nd period - Slapshot by Roman Josi.
1:23 of 2nd period - Deflect By Nathan Walker.
1:23 of 2nd period - Stopped by Phoenix Copley with a rebound.
1:25 of 2nd period - Snap shot by Lane MacDermid.
1:25 of 2nd period - Deflect By Dylan Strome.
1:25 of 2nd period - Shot Hit the Post.
1:25 of 2nd period - Puck is out of play.
1:26 of 2nd period - Dylan Strome wins face-off versus Patrick Brown in Thunderbirds zone.
1:57 of 2nd period - Snap shot by Lane MacDermid.
1:57 of 2nd period - Stopped by Phoenix Copley with a rebound.
1:59 of 2nd period - Slapshot by Juuso Valimaki.
1:59 of 2nd period - Shot Blocked by Patrick Brown.
2:01 of 2nd period - Snap shot by Dylan Strome.
2:01 of 2nd period - Stopped by Phoenix Copley without a rebound.
2:02 of 2nd period - Elias Lindholm wins face-off versus Mathieu Joseph in Thunderbirds zone.
2:02 of 2nd period - Elias Lindholm is hit by Erik Cernak.
2:09 of 2nd period - Snap shot by Griffin Reinhart.
2:09 of 2nd period - Shot Blocked by Mirco Mueller.
2:15 of 2nd period - Snap shot by Kirill Kaprizov.
2:15 of 2nd period - Shot Blocked by Erik Cernak.
2:17 of 2nd period - Backhand shot by Filip Hronek.
2:17 of 2nd period - Shot Misses the Net.
2:27 of 2nd period - Mathieu Joseph is hit by Shane Prince and loses puck.
2:41 of 2nd period - Michael McLeod is hit by Shane Prince and loses puck.
2:48 of 2nd period - Wrist shot by Michael McLeod.
2:48 of 2nd period - Shot Blocked by Filip Hronek.
2:50 of 2nd period - Wrist shot by Mathieu Joseph.
2:50 of 2nd period - Stopped by Phoenix Copley with a rebound.
2:52 of 2nd period - Slapshot by Ludwig Bystrom.
2:52 of 2nd period - Stopped by Phoenix Copley with a rebound.
2:54 of 2nd period - Slapshot by Mirco Mueller.
2:54 of 2nd period - Stopped by Phoenix Copley with a rebound.
3:06 of 2nd period - Wrist shot by Nikolay Goldobin.
3:06 of 2nd period - Deflect By Michael McLeod.
3:06 of 2nd period - Deflect By Griffin Reinhart.
3:06 of 2nd period - Stopped by Phoenix Copley without a rebound.
3:07 of 2nd period - Elias Lindholm wins face-off versus Dylan Strome in Thunderbirds zone.
3:20 of 2nd period - Slapshot by Drake Batherson.
3:20 of 2nd period - Shot Blocked by Lane MacDermid.
3:20 of 2nd period - Lane MacDermid from Moose is injured at 3:20 of 2nd period (Bruised Right Shoulder).
3:21 of 2nd period - Dylan Strome wins face-off versus Elias Lindholm in Moose zone.
4:51 of 2nd period - Kirill Kaprizov is hit by Mathieu Joseph and loses puck.
5:08 of 2nd period - Matthew Benning is hit by Petr Straka and loses puck.
5:16 of 2nd period - Icing by Mirco Mueller.
5:17 of 2nd period - Chase De Leo wins face-off versus Elias Lindholm in Moose zone.
6:08 of 2nd period - Slapshot by Julien Gauthier.
6:08 of 2nd period - Goal by Julien Gauthier - Thunderbirds : 5 - Moose : 3.
6:09 of 2nd period - Dylan Strome wins face-off versus Elias Lindholm in neutral zone.
6:13 of 2nd period - Off-side.
6:14 of 2nd period - Elias Lindholm wins face-off versus Dylan Strome in neutral zone.
7:33 of 2nd period - Snap shot by Drake Batherson.
7:33 of 2nd period - Deflect By Nikolay Goldobin.
7:33 of 2nd period - Stopped by Filip Gustavsson with a rebound.
7:35 of 2nd period - Backhand shot by Drake Batherson.
7:35 of 2nd period - Shot Misses the Net.
8:10 of 2nd period - Kale Clague is hit by Juuso Valimaki and loses puck.
9:01 of 2nd period - Timothy Liljegren is hit by Mirco Mueller and loses puck.
9:11 of 2nd period - Icing by Timothy Liljegren.
9:12 of 2nd period - Patrick Brown wins face-off versus Chase De Leo in Thunderbirds zone.
9:39 of 2nd period - Snap shot by Drake Batherson.
9:39 of 2nd period - Stopped by Filip Gustavsson with a rebound.
9:57 of 2nd period - Icing by Ludwig Bystrom.
9:58 of 2nd period - Jake Leschyshyn wins face-off versus Dylan Gambrell in Moose zone.
10:09 of 2nd period - Wrist shot by Julien Gauthier.
10:09 of 2nd period - Shot Misses the Net.
10:11 of 2nd period - Snap shot by Jake Leschyshyn.
10:11 of 2nd period - Shot Misses the Net.
10:13 of 2nd period - Wrist shot by Julien Gauthier.
10:13 of 2nd period - Shot Blocked by Tanner Laczynski.
10:15 of 2nd period - Slapshot by Matthew Benning.
10:15 of 2nd period - Stopped by Phoenix Copley with a rebound.
10:17 of 2nd period - Slapshot by Juuso Valimaki.
10:17 of 2nd period - Shot Misses the Net.
10:31 of 2nd period - Slapshot by Mirco Mueller.
10:31 of 2nd period - Shot Misses the Net.
10:33 of 2nd period - Snap shot by Boris Katchouk.
10:33 of 2nd period - Stopped by Phoenix Copley with a rebound.
10:35 of 2nd period - Wrist shot by Jake Leschyshyn.
10:35 of 2nd period - Stopped by Phoenix Copley without a rebound.
10:36 of 2nd period - Elias Lindholm wins face-off versus Michael McLeod in Thunderbirds zone.
10:51 of 2nd period - Wrist shot by Kirill Kaprizov.
10:51 of 2nd period - Stopped by Filip Gustavsson with a rebound.
11:37 of 2nd period - Kirill Kaprizov is hit by Jake Leschyshyn and loses puck.
13:00 of 2nd period - Wrist shot by Ludwig Bystrom.
13:00 of 2nd period - Stopped by Phoenix Copley without a rebound.
13:01 of 2nd period - Patrick Brown wins face-off versus Dylan Strome in Thunderbirds zone.
13:06 of 2nd period - Snap shot by Nathan Walker.
13:06 of 2nd period - Shot Misses the Net.
13:12 of 2nd period - Wrist shot by Griffin Reinhart.
13:12 of 2nd period - Stopped by Filip Gustavsson with a rebound.
14:00 of 2nd period - Off-side.
14:01 of 2nd period - Dylan Strome wins face-off versus Patrick Brown in neutral zone.
14:32 of 2nd period - Slapshot by Ludwig Bystrom.
14:32 of 2nd period - Deflect By Jordan Greenway.
14:32 of 2nd period - Stopped by Phoenix Copley without a rebound.
14:33 of 2nd period - Nathan Walker wins face-off versus Elias Lindholm in Thunderbirds zone.
14:46 of 2nd period - Snap shot by Dylan Strome.
14:46 of 2nd period - Stopped by Phoenix Copley with a rebound.
15:28 of 2nd period - Snap shot by Shane Prince.
15:28 of 2nd period - Shot Misses the Net.
15:30 of 2nd period - Slapshot by Radim Simek.
15:30 of 2nd period - Shot Blocked by Mirco Mueller.
15:32 of 2nd period - Snap shot by Shane Prince.
15:32 of 2nd period - Stopped by Filip Gustavsson with a rebound.
15:34 of 2nd period - Snap shot by Shane Prince.
15:34 of 2nd period - Stopped by Filip Gustavsson without a rebound.
15:35 of 2nd period - Dylan Strome wins face-off versus Elias Lindholm in Moose zone.
16:03 of 2nd period - Minor Penalty to Filip Hronek for Tripping.
16:04 of 2nd period - Elias Lindholm wins face-off versus Dylan Strome in Thunderbirds zone.
16:43 of 2nd period - Wrist shot by Michael McLeod.
16:43 of 2nd period - Shot Misses the Net.
18:03 of 2nd period - Penalty to Filip Hronek is over, Filip Hronek is back on ice.
19:36 of 2nd period - Wrist shot by Shane Prince.
19:36 of 2nd period - Stopped by Filip Gustavsson with a rebound.
Goals for this period are 2 for Thunderbirds vs 1 for Moose.
Shots for this period are 12 for Thunderbirds vs 17 for Moose.
3rd period
0:01 of 3rd period - Michael McLeod wins face-off versus Elias Lindholm in neutral zone.
0:04 of 3rd period - Filip Hronek is hit by Ludwig Bystrom and loses puck.
0:14 of 3rd period - Off-side.
0:15 of 3rd period - Dylan Strome wins face-off versus Patrick Brown in neutral zone.
0:27 of 3rd period - Snap shot by Dominik Kahun.
0:27 of 3rd period - Shot Blocked by Michael McLeod.
0:29 of 3rd period - Slapshot by Griffin Reinhart.
0:29 of 3rd period - Shot Misses the Net.
0:37 of 3rd period - Minor Penalty to Nathan Walker for Holding.
0:38 of 3rd period - Michael McLeod wins face-off versus Elias Lindholm in Moose zone.
0:43 of 3rd period - Double Minor Penalty to Kirill Kaprizov for Roughing.
0:44 of 3rd period - Michael McLeod wins face-off versus Elias Lindholm in Thunderbirds zone.
0:53 of 3rd period - Slapshot by Michael McLeod.
0:53 of 3rd period - Stopped by Phoenix Copley without a rebound.
0:54 of 3rd period - Michael McLeod wins face-off versus Elias Lindholm in Thunderbirds zone.
1:08 of 3rd period - Snap shot by Petr Straka.
1:08 of 3rd period - Shot Misses the Net.
1:10 of 3rd period - Backhand shot by Petr Straka.
1:10 of 3rd period - Stopped by Filip Gustavsson with a rebound.
1:12 of 3rd period - Slapshot by Petr Straka.
1:12 of 3rd period - Stopped by Filip Gustavsson without a rebound.
1:13 of 3rd period - Elias Lindholm wins face-off versus Michael McLeod in Moose zone.
1:18 of 3rd period - Wrist shot by Elias Lindholm.
1:18 of 3rd period - Stopped by Filip Gustavsson with a rebound.
2:34 of 3rd period - Filip Hronek is hit by Jordan Greenway and loses puck.
2:37 of 3rd period - Penalty to Nathan Walker is over, Nathan Walker is back on ice.
2:45 of 3rd period - Snap shot by Jordan Greenway.
2:45 of 3rd period - Shot Misses the Net.
2:47 of 3rd period - Slapshot by Roman Josi.
2:47 of 3rd period - Shot Blocked by Griffin Reinhart.
2:53 of 3rd period - Wrist shot by Dylan Strome.
2:53 of 3rd period - Shot Misses the Net.
2:55 of 3rd period - Wrist shot by Nathan Walker.
2:55 of 3rd period - Shot Misses the Net.
3:51 of 3rd period - Snap shot by Dylan Strome.
3:51 of 3rd period - Shot Misses the Net.
3:57 of 3rd period - Snap shot by Nathan Walker.
3:57 of 3rd period - Stopped by Phoenix Copley with a rebound.
3:59 of 3rd period - Wrist shot by Nathan Walker.
3:59 of 3rd period - Stopped by Phoenix Copley with a rebound.
4:31 of 3rd period - Slapshot by Roman Josi.
4:31 of 3rd period - Shot Misses the Net.
4:33 of 3rd period - Backhand shot by Ludwig Bystrom.
4:33 of 3rd period - Shot Blocked by Timothy Liljegren.
4:43 of 3rd period - Penalty to Kirill Kaprizov is over, Kirill Kaprizov is back on ice.
4:47 of 3rd period - Wrist shot by Dylan Strome.
4:47 of 3rd period - Shot Misses the Net.
4:49 of 3rd period - Snap shot by Jordan Greenway.
4:49 of 3rd period - Stopped by Phoenix Copley with a rebound.
4:53 of 3rd period - Wrist shot by Jordan Greenway.
4:53 of 3rd period - Shot Misses the Net.
4:55 of 3rd period - Slapshot by Ludwig Bystrom.
4:55 of 3rd period - Stopped by Phoenix Copley without a rebound.
4:56 of 3rd period - Dylan Gambrell wins face-off versus Michael McLeod in Thunderbirds zone.
5:21 of 3rd period - Mirco Mueller is hit by Drake Batherson and loses puck.
5:42 of 3rd period - Slapshot by Mirco Mueller.
5:42 of 3rd period - Deflect By Michael McLeod.
5:42 of 3rd period - Shot Blocked by Radim Simek.
5:42 of 3rd period - Puck is out of play.
5:43 of 3rd period - Patrick Brown wins face-off versus Michael McLeod in Thunderbirds zone.
5:59 of 3rd period - Wrist shot by Petr Straka.
5:59 of 3rd period - Goal by Petr Straka - Thunderbirds : 6 - Moose : 3.
6:00 of 3rd period - Michael McLeod wins face-off versus Elias Lindholm in neutral zone.
6:13 of 3rd period - Snap shot by Michael McLeod.
6:13 of 3rd period - Stopped by Phoenix Copley without a rebound.
6:14 of 3rd period - Michael McLeod wins face-off versus Elias Lindholm in Thunderbirds zone.
6:14 of 3rd period - Michael McLeod is hit by Kirill Kaprizov.
6:51 of 3rd period - Snap shot by Elias Lindholm.
6:51 of 3rd period - Shot Blocked by Julien Gauthier.
6:53 of 3rd period - Snap shot by Kirill Kaprizov.
6:53 of 3rd period - Shot Misses the Net.
7:13 of 3rd period - Backhand shot by Petr Straka.
7:13 of 3rd period - Stopped by Filip Gustavsson with a rebound.
7:54 of 3rd period - Snap shot by Shane Prince.
7:54 of 3rd period - Stopped by Filip Gustavsson without a rebound.
7:55 of 3rd period - Dylan Gambrell wins face-off versus Dylan Strome in Moose zone.
7:56 of 3rd period - Wrist shot by Tanner Laczynski.
7:56 of 3rd period - Stopped by Filip Gustavsson with a rebound.
8:10 of 3rd period - Slapshot by Michael McLeod.
8:10 of 3rd period - Stopped by Phoenix Copley with a rebound.
8:34 of 3rd period - Snap shot by Dominik Kahun.
8:34 of 3rd period - Shot Blocked by Vinni Lettieri.
8:52 of 3rd period - Wrist shot by Drake Batherson.
8:52 of 3rd period - Stopped by Filip Gustavsson without a rebound.
8:53 of 3rd period - Dylan Strome wins face-off versus Elias Lindholm in Moose zone.
8:55 of 3rd period - Minor Penalty to Roman Josi for Interference.
8:56 of 3rd period - Elias Lindholm wins face-off versus Michael McLeod in Moose zone.
9:09 of 3rd period - Off-side.
9:10 of 3rd period - Michael McLeod wins face-off versus Elias Lindholm in neutral zone.
9:35 of 3rd period - Mirco Mueller is hit by Griffin Reinhart and loses puck.
10:55 of 3rd period - Penalty to Roman Josi is over, Roman Josi is back on ice.
11:14 of 3rd period - Snap shot by Jerry D'Amigo.
11:14 of 3rd period - Stopped by Filip Gustavsson without a rebound.
11:15 of 3rd period - Dylan Gambrell wins face-off versus Michael McLeod in Moose zone.
11:24 of 3rd period - Slapshot by Nikolay Goldobin.
11:24 of 3rd period - Stopped by Phoenix Copley with a rebound.
11:26 of 3rd period - Slapshot by Nikolay Goldobin.
11:26 of 3rd period - Stopped by Phoenix Copley with a rebound.
11:48 of 3rd period - Roman Josi is hit by Shane Prince and loses puck.
11:53 of 3rd period - Wrist shot by Tanner Laczynski.
11:53 of 3rd period - Shot Misses the Net.
11:55 of 3rd period - Slapshot by Radim Simek.
11:55 of 3rd period - Shot Misses the Net.
12:16 of 3rd period - Snap shot by Nathan Walker.
12:16 of 3rd period - Shot Blocked by Shane Prince.
12:26 of 3rd period - Dylan Strome is hit by Jacob Larsson and loses puck.
12:37 of 3rd period - Snap shot by Dylan Gambrell.
12:37 of 3rd period - Stopped by Filip Gustavsson with a rebound.
13:05 of 3rd period - Snap shot by Tanner Laczynski.
13:05 of 3rd period - Stopped by Filip Gustavsson without a rebound.
13:06 of 3rd period - Michael McLeod wins face-off versus Elias Lindholm in Moose zone.
15:03 of 3rd period - Filip Hronek is hit by Chase De Leo and loses puck.
15:56 of 3rd period - Minor Penalty to Erik Cernak for Holding.
15:57 of 3rd period - Michael McLeod wins face-off versus Elias Lindholm in Moose zone.
16:08 of 3rd period - Mirco Mueller is hit by Griffin Reinhart and loses puck.
16:29 of 3rd period - Patrick Brown is hit by Ludwig Bystrom and loses puck.
17:06 of 3rd period - Timothy Liljegren is hit by Jordan Greenway.
17:56 of 3rd period - Penalty to Erik Cernak is over, Erik Cernak is back on ice.
18:13 of 3rd period - Erik Cernak is hit by Dylan Gambrell and loses puck.
18:43 of 3rd period - Jerry D'Amigo is hit by Roman Josi.
18:47 of 3rd period - Tyson Jost is hit by Jake Leschyshyn and loses puck.
18:56 of 3rd period - Jordan Greenway is hit by Tyson Jost and loses puck.
19:14 of 3rd period - Dylan Strome is hit by Jerry D'Amigo and loses puck.
19:21 of 3rd period - Morgan Geekie is hit by Mirco Mueller and loses puck.
19:30 of 3rd period - Dylan Strome is hit by Jacob Larsson and loses puck.
19:37 of 3rd period - Morgan Geekie is hit by Jake Leschyshyn and loses puck.
Goals for this period are 1 for Thunderbirds vs 0 for Moose.
Shots for this period are 11 for Thunderbirds vs 9 for Moose.